 Dungeon Sprint DCSS version 0.28-a0-1339-ga5422284a4 (webtiles) character file.

Game seed: 16675055453942533053

1010 mhtbhm the Spear-Bearer (level 8, -9/73 HPs)
             Began as a Human Berserker on Dec 28, 2021.
             Was an Elder of Trog.
             Mangled by a red ugly thing (23 damage)
             ... in the Dungeon (Sprint IX: "|||||||||||||||||||||||||||||").
             The game lasted 00:01:08 (416 turns).

mhtbhm the Spear-Bearer (Human Berserker)            Turns: 416, Time: 00:01:09

Health: -9/73      AC: 12    Str: 20    XL:     8   Next: 44%
Magic:  8/8        EV: 10    Int: 10    God:    Trog [****..]
Gold:   0          SH:  0    Dex: 16    Spells: 7/7 levels left

rFire   . . .      SeeInvis .   a - +2 halberd (protect)
rCold   . . .      Faith    .   (no shield)
rNeg    . . .      Spirit   .   b - +1 chain mail
rPois   .          Reflect  .   (no helmet)
rElec   .          Harm     .   (no cloak)
rCorr   .          Rampage  .   (no gloves)
Will    ++...      NoTele   +   k - +0 pair of boots
Stlth   ..........              (no amulet)
HPRegen 1.22/turn               l - +3 ring of intelligence
MPRegen 0.11/turn               m - +3 ring of dexterity

@: strong-willed, on berserk cooldown, regenerating, slowed, very slow
A: no striking features
a: Renounce Religion, Berserk, Trog's Hand, Brothers in Arms


You were in the Dungeon.
You worshipped Trog.
Trog was greatly pleased with you.
You visited 1 branch

Inventory:

Hand Weapons
 a - a +2 halberd of protection (weapon)
Missiles
 n - 3 poisoned darts (quivered)
Armour
 b - a +1 chain mail (worn)
 k - a +0 pair of boots (worn)
Jewellery
 l - a +3 ring of intelligence (left hand)
 m - a +3 ring of dexterity (right hand)
Wands
 j - a wand of acid (6)
Scrolls
 h - a scroll of blinking
Potions
 c - 5 potions of curing
 e - a potion of haste
 f - 4 potions of magic
 g - a potion of berserk rage
 i - a potion of invisibility


   Skills:
 + Level 10.3 Fighting
 + Level 12.1 Polearms
 + Level 5.7 Armour
 + Level 6.8 Dodging
 + Level 1.4 Stealth


You had 7 spell levels left.
You didn't know any spells.
Your spell library was empty.

Dungeon Overview and Level Annotations

Branches:
Dungeon (1/1)

Altars:
Cheibriados
Dithmenos
Elyvilon
Fedhas
Gozag
Hepliaklqana
Kikubaaqudgha
Makhleb
Nemelex Xobeh
Okawaru
Qazlal
Ru
Sif Muna
Trog
Uskayaw
Vehumet
Wu Jian
Xom
Yredelemnul
Zin
The Shining One
Beogh
Jiyva
Lugonu


Message History

Press: ? - help, Shift-Dir - straight line, f/p - red ugly thing
Aim: a red ugly thing (moderately wounded, 71% to hit)
The bolt of acid hits the red ugly thing!
The acid corrodes the red ugly thing!
The red ugly thing is heavily wounded.
The bolt of acid hits the cyclops!
The cyclops seems to be corroded for longer.
The cyclops is heavily wounded.
The bolt of acid hits the slime creature!
The acid corrodes the slime creature!
The slime creature is moderately wounded.
The red ugly thing barely misses you.
Unknown command.
You feel much better.
The red ugly thing stings you but does no damage.
The red ugly thing stings you.
You are engulfed in flames!
* * * LOW HITPOINT WARNING * * *
Unknown command.
You feel much better. The red ugly thing barely misses you.
Unknown command.
Aiming: Corrosive Bolt
Press: ? - help, Shift-Dir - straight line, f/p - red ugly thing
Aim: a red ugly thing (heavily wounded, covered in acid, 71% to hit)
The bolt of acid hits the red ugly thing!
The red ugly thing seems to be corroded for longer.
The red ugly thing is severely wounded.
The bolt of acid hits the cyclops!!
The cyclops is almost dead.
The bolt of acid hits the slime creature!!
The slime creature seems to be corroded for longer.
The slime creature is severely wounded.
The red ugly thing stings you.
You are engulfed in flames!!
* * * LOW HITPOINT WARNING * * *
The red ugly thing barely misses you.
Unknown command.
Unknown command.
You feel much better. The red ugly thing stings you!
* * * LOW HITPOINT WARNING * * *
You are engulfed in flames!!
You die...

▓_▓
▓_▓
▓_▓
▓_▓
▓_▓
▓'▓
▓.▓
▓?▓
▓@▓
▓u▓
▓C▓
▓J▓
▓.▓
▓.▓
▓.▓
▓'▓
▓)▓


You could see a red ugly thing (corroded), a slime creature (corroded) and a
cyclops (corroded).

Vanquished Creatures
  A troll (D)
  A slime creature (D)
  2 yaks (D)
  A vampire mosquito (D)
  A kobold brigand (D)
  A gnoll sergeant (D)
  An orc priest (D)
  An iguana (D)
  An orc wizard (D)
  An ufetubus (D)
  An adder skeleton (D)
  An orc (D)
  A bat (D)
  A bat skeleton (D)
  An endoplasm (D)
  A giant cockroach (D)
  A hobgoblin (D)
  A rat (D)
19 creatures vanquished.

Notes
Turn   | Place    | Note
-------+----------+-------------------------------------------
     0 | D        | mhtbhm the Human Berserker began the quest for the Orb.
     0 | D        | Reached XP level 1. HP: 18/18 MP: 1/1
    15 | D        | Reached ** piety under Trog
    21 | D        | Reached XP level 2. HP: 23/25 MP: 2/2
    43 | D        | Reached skill level 4 in Polearms
    44 | D        | Reached *** piety under Trog
    52 | D        | Reached skill level 5 in Fighting
    52 | D        | Reached skill level 5 in Polearms
    52 | D        | Reached XP level 3. HP: 33/33 MP: 3/3
    89 | D        | Found a snail-covered altar of Cheibriados.
    89 | D        | Found a shadowy altar of Dithmenos.
    89 | D        | Found a white marble altar of Elyvilon.
    89 | D        | Found a blossoming altar of Fedhas.
    89 | D        | Found an opulent altar of Gozag.
    90 | D        | Found a hazy altar of Hepliaklqana.
    91 | D        | Found a viscous altar of Jiyva.
    92 | D        | Found an ancient bone altar of Kikubaaqudgha.
    93 | D        | Found a corrupted altar of Lugonu.
    94 | D        | Found a burning altar of Makhleb.
    95 | D        | Found a sparkling altar of Nemelex Xobeh.
    96 | D        | Found an iron altar of Okawaru.
    97 | D        | Found a stormy altar of Qazlal.
    98 | D        | Found a sacrificial altar of Ru.
    99 | D        | Found a shimmering blue altar of Sif Muna.
   100 | D        | Found a bloodstained altar of Trog.
   101 | D        | Found a hide-covered altar of Uskayaw.
   102 | D        | Found a radiant altar of Vehumet.
   103 | D        | Found an ornate altar of the Wu Jian Council.
   104 | D        | Found a shimmering altar of Xom.
   105 | D        | Found a basalt altar of Yredelemnul.
   106 | D        | Found a glowing silver altar of Zin.
   107 | D        | Found a glowing golden altar of the Shining One.
   156 | D        | Noticed a yak
   156 | D        | Noticed a gnoll sergeant
   156 | D        | Noticed a yak
   156 | D        | Noticed a kobold brigand
   162 | D        | Reached XP level 4. HP: 38/40 MP: 4/4
   167 | D        | Killed a yak
   167 | D        | Reached **** piety under Trog
   168 | D        | Reached skill level 8 in Polearms
   168 | D        | Reached XP level 5. HP: 29/48 MP: 5/5
   168 | D        | Reached XP level 6. HP: 33/55 MP: 6/6
   171 | D        | Reached skill level 5 in Dodging
   177 | D        | Killed a yak
   178 | D        | Reached skill level 9 in Polearms
   178 | D        | Reached skill level 1 in Stealth
   178 | D        | Reached XP level 7. HP: 24/64 MP: 7/7
   182 | D        | Reached ***** piety under Trog
   183 | D        | Reached skill level 10 in Polearms
   378 | D        | Noticed a vampire mosquito
   378 | D        | Noticed a slime creature
   378 | D        | Noticed a troll
   378 | D        | Noticed a red ugly thing
   378 | D        | Noticed a cyclops
   378 | D        | Noticed a slime creature
   389 | D        | Killed a slime creature
   390 | D        | Reached skill level 11 in Polearms
   390 | D        | Reached skill level 5 in Armour
   393 | D        | Killed a vampire mosquito
   394 | D        | Reached skill level 10 in Fighting
   394 | D        | Reached XP level 8. HP: 63/72 MP: 8/8
   398 | D        | Killed a troll
   399 | D        | Reached skill level 12 in Polearms
   416 | D        | Mangled by a red ugly thing

Illustrated notes

Levels and vault maps discovered:
D:        linesprint [early_d, line_temple, items_1, d_10, items_2, lair_1,
          lair_end, items_3, orc_1, orc_end, items_4, d_15, swamp_1, shoals_1,
          snake_1, spider_1, d_20, vaults_1, items_5, swamp_end, shoals_end,
          snake_end, spider_end, vaults_end, d_27, items_6, zot_1, zot_end,
          crypt_end, forest_end, elf_end, slime_end, tomb_end, abyss_end,
          pan_hell_end]

Skill      XL: |  1  2  3  4  5  6  7  8 |
---------------+-------------------------+-----
Fighting       | 5 7 9 10 | 10.3
Polearms       | 5 8 9 11 12 | 12.1
Dodging        | 3 4 5 6 |  6.8
Armour         | 3 4 5 |  5.7
Stealth        | 1 |  1.4

Action                   |  1- 3 |  4- 6 |  7- 9 || total
-------------------------+-------+-------+-------++-------
Melee: Spear             |    26 |       |       ||    26
       Halberd           |     3 |    15 |    26 ||    44
Invok: Berserk           |     2 |       |     1 ||     3
       Trog's Hand       |       |       |     1 ||     1
       Brothers in Arms  |       |       |     1 ||     1
Evoke: Wand              |       |       |     4 ||     4
  Use: Potion            |       |       |     3 ||     3
       Scroll            |       |       |     1 ||     1
Armor: Animal skin       |     1 |       |       ||     1
       Chain mail        |     2 |     3 |    11 ||    16
Dodge: Dodged            |    16 |     5 |    15 ||    36

Table legend: (Time is in decaauts)
 A = Elapsed time spent in this place.
 B = Non-inter-level travel time spent in this place.
 C = Inter-level travel time spent in this place.
 D = Time resting spent in this place.
 E = Time spent auto-exploring this place.
 F = Levels seen in this place.
 G = Mean time per level.
                   A        B        C        D        E       F      G
               +--------+--------+--------+--------+--------+-----+--------+
         Total |    429 |    429 |      0 |    245 |      6 |   1 |  429.0 |
       Dungeon |    429 |    429 |      0 |    245 |      6 |   1 |  429.0 |
               +--------+--------+--------+--------+--------+-----+--------+

Top non-repeatable levels by time:
       D: 429 daAuts
